 Dungeon Crawl Stone Soup version 0.19-a0-934-gf1df8d1 (webtiles) character file.

42 Leszczynek the Caller (level 3, -11/45 HPs)
             Began as a Draconian Summoner on July 7, 2016.
             Killed from afar by Ijyb (14 damage)
             ... with a wand of lightning
             ... on level 2 of the Dungeon.
             The game lasted 00:03:23 (1870 turns).

Leszczynek the Caller (Draconian Summoner)          Turns: 1870, Time: 00:03:23

Health: -11/45     AC: 21    Str: 10    XL:     3   Next: 33%
Magic:  4/6        EV:  2    Int: 15    God:
Gold:   109        SH:  0    Dex: 12    Spells: 3 memorised, 0 levels left

rFire  + . .     SeeInvis .     i - +0 short sword
rCold  . . .     Gourm    .     (armour unavailable)
rNeg   + + +     Faith    .     (no shield)
rPois  +         Spirit   .     (helmet currently unavailable)
rElec  .         Dismiss  .     (cloak currently unavailable)
rCorr  .         Reflect  .     (gloves currently unavailable)
SustAt .         Harm     .     (boots currently unavailable)
MR     .....     NoTele   +     (no amulet)
Stlth  ++........               (no ring)
                                m - ring of protection from fire

@: tree-form, not resistant to hostile enchantments, unstealthy
A: unfitting armour, (cold-blooded), AC +5
a: no special abilities


You were on level 2 of the Dungeon.
You were not hungry.
You were a tree.
You visited 1 branch of the dungeon, and saw 2 of its levels.

You collected 109 gold pieces.

Inventory:

Hand Weapons
 f - a +0 mace
 i - a +0 short sword (weapon)
Armour
 e - a +0 pair of gloves (melded)
Jewellery
 g - an uncursed amulet of guardian spirit
 m - a ring of protection from fire (left branch)
 n - an uncursed amulet of dismissal
Scrolls
 c - 2 scrolls of remove curse {unknown}
 h - 2 scrolls of amnesia {unknown}
 k - a scroll of immolation {unknown}
 o - a scroll of identify {unknown}
 p - a scroll of noise {unknown}
 r - a scroll of recharging {unknown}
Books
 a - a book of Callings

   Spells                             Type                      Level
   a - Summon Small Mammal            Summoning                    1
   b - Call Imp                       Summoning                    2
   c - Call Canine Familiar           Summoning                    3
   d - Summon Guardian Golem          Hexes/Summoning              3
   e - Summon Lightning Spire         Summoning/Air                4
   f - Summon Ice Beast               Ice/Summoning                4
Comestibles
 b - 2 bread rations
 j - a meat ration
 l - 4 fruits
 q - 2 chunks of flesh


   Skills:
 * Level 2.5 Fighting
 + Level 2.4 Dodging
 - Level 1.7 Stealth
 - Level 2.0 Spellcasting
 - Level 4.0 Summonings


You couldn't memorise any spells.
You knew the following spells:

 Your Spells              Type           Power        Failure   Level  Hunger
a - Summon Small Mammal   Summ           ##..         4%          1    #......
b - Call Imp              Summ           ##......     8%          2    ###....
c - Call Canine Familiar  Summ           ##......     14%         3    ###....


Dungeon Overview and Level Annotations

Branches:
Dungeon (2/15)

Altars:

Annotations:
D:2 Ijyb, Natasha


Innate Abilities, Weirdness & Mutations

((Your plain brown scales are hard. (AC +5)))
Your body does not fit into most forms of armour.
((You are cold-blooded and may be slowed by cold attacks.))


Message History

Anything else - Stay silent.
Gang up on whom?
Press: ? - help, Dir - move target cursor, f - Ijyb
Aim: Ijyb, wielding a dagger of pain and carrying a wand of lightning {zapped: 1} Attack!
Your hound bites Ijyb.
Your hound bites Ijyb.
Ijyb hits your hound with a dagger of pain.
Your hound writhes in agony.
Your hound bites Ijyb.
Ijyb zaps a wand.
The bolt of lightning hits your hound.
Your hound dies!
Your hound's corpse disappears in a puff of smoke!
The bolt of lightning hits you!
Ouch! That really hurt!
* * * LOW HITPOINT WARNING * * *
Unknown command.
It was a potion of lignification.
You turn into a tree.
Your +0 pair of gloves melds into your body.
Your roots penetrate the ground.
Ijyb zaps a wand.
Helpless, you fail to dodge the bolt of lightning.
You die...

##.........#.....# .#
#.........#.....# #$#
####...####.....# ...
#...# #.....# #.#
###...########## # #.#
#.......# #.#.# #
#.##.##.# #!#.##.#
#.##.##.##########...g.K#
#.##......♣....gK# #h#
#.#####.###.####.# #.#
#.#####.# #...##.###.#
#.......# #.#........#
######### #.####.#####
#......# ########


You could see Ijyb and a kobold.

Vanquished Creatures
  A worm (D:2)
  A dart slug (D:1)
  5 bats
  8 goblins (D:1)
  A hobgoblin (D:1)
  2 jackals (D:1)
  A kobold (D:1)
  2 giant newts
  3 rats
24 creatures vanquished.

Vanquished Creatures (collateral kills)
  An adder (D:2)
  3 goblins (D:1)
  A hobgoblin (D:1)
  A kobold (D:1)
6 creatures vanquished.

Grand Total: 30 creatures vanquished

Notes
Turn   | Place    | Note
-------+----------+-------------------------------------------
     0 | D:1      | Leszczynek the Draconian Summoner began the quest for the Orb.
     0 | D:1      | Reached XP level 1. HP: 14/14 MP: 3/3
   173 | D:1      | Reached skill level 1 in Fighting
   397 | D:1      | Reached skill level 2 in Dodging
   428 | D:1      | Reached XP level 2. HP: 22/23 MP: 5/5
   442 | D:1      | Learned a level 2 spell: Call Imp
   744 | D:1      | Reached skill level 2 in Fighting
  1196 | D:1      | Reached XP level 3. HP: 27/29 MP: 6/6
  1788 | D:2      | Noticed Natasha
  1828 | D:2      | Learned a level 3 spell: Call Canine Familiar
  1854 | D:2      | Noticed Ijyb
  1869 | D:2      | HP: 2/30 [Ijyb/wand of lightning (17)]
  1870 | D:2      | Killed from afar by Ijyb

Vault maps used:
D:1:      minmay_arrival_four_circles, hangedman_feature_mirror
D:2:      good_gods_temple_1, uniq_iyjb, uniq_natasha

Skill      XL: |  1  2 |
---------------+-------+-----
Fighting       | 1 2 |  2.5
Dodging        | 2 |  2.4
Stealth        | |  1.7
Spellcasting   | |  2.0
Summonings     | |  4.0

Action                   || total
-------------------------++-------
Melee: Dagger            ||    68
       Tailslap          ||     9
       Unarmed           ||     1
       Short sword       ||    40
 Cast: Summon Small Mamm ||     3
       Call Imp          ||     6
       Call Canine Famil ||     1
  Use: Potion            ||     1
  Eat: Chunk             ||     4
Armor: Skin              ||    54
Dodge: Dodged            ||    86
